 Dungeon Sprint DCSS version 0.18-a0-1808-g3e993bd (webtiles) character file.

37433 LittleTurtle the Phalangite (level 13, -1/145 HPs)
             Began as a Minotaur Berserker on Apr 27, 2016.
             Was a High Priest of Trog.
             Slain by an ettin
             ... wielding a +0 dire flail
              (32 damage)
             ... in the Dungeon (Sprint IX: "|||||||||||||||||||||||||||||").
             The game lasted 00:19:47 (5724 turns).

LittleTurtle the Phalangite (Minotaur Berserker)    Turns: 5724, Time: 00:19:47

Health: -1/145     AC: 13    Str: 28    XL:     13   Next: 58%
Magic:  13/13      EV: 15    Int:  7    God:    Trog [*****.]
Gold:   1947       SH:  0    Dex: 12    Spells: 0 memorised, 12 levels left

rFire  . . .     SeeInvis .     F - +13 halberd of Vunieno {holy, +Inv rPois rC+ Stlth+}
rCold  + . .     Gourm    .     m - +2 plate armour
rNeg   . . .     Faith    .     (shield currently unavailable)
rPois  +         Spirit   .     D - +0 hat
rElec  .         Dismiss  .     n - +0 cloak
rCorr  .         Reflect  .     E - +1 pair of gloves
SustAt .         Harm     .     (no boots)
MR     .....     NoTele   +     (no amulet)
Stlth  ..........               q - +3 ring of dexterity
                                p - +3 ring of intelligence

@: corroded, not resistant to hostile enchantments, extremely unstealthy
A: retaliatory headbutt, horns 2
a: Berserk, Trog's Hand, Brothers in Arms, Burn Spellbooks, Renounce Religion,
Evoke Invisibility


You were in the Dungeon.
You worshipped Trog.
Trog was extremely pleased with you.
You were not hungry.

You visited 1 branch You collected 1947 gold pieces.

Inventory:

Hand Weapons
 a - a +1 vampiric trident
 t - a +3 antimagic demon trident
 u - a +2 bardiche of flaming
 y - the +6 hand crossbow "Dragon's Tongue" {penet, rC+}
   (Trog gifted it to you in the Dungeon)

   Ammo fired by it will pass through the targets it hits, potentially hitting
   all targets in its path until it reaches maximum range.
   It protects you from cold.
 z - the +8 glaive "Ahiosuon" {holy, +Blink Str-5 Int+10}
   (Trog gifted it to you in the Dungeon)

   It has been blessed by the Shining One to cause great damage to the undead
   and demons.
   It affects your strength (-5).
   It affects your intelligence (+10).
   It lets you blink.
 F - the +13 halberd of Vunieno (weapon) {holy, +Inv rPois rC+ Stlth+}
   (Trog gifted it to you in the Dungeon)

   It has been blessed by the Shining One to cause great damage to the undead
   and demons.
   It protects you from cold.
   It protects you from poison.
   It lets you turn invisible.
   It makes you more stealthy.
 G - the +13 halberd "Ilabb" {chop, rElec rF+}
   (Trog gifted it to you in the Dungeon)

   It inflicts extra damage upon your enemies.
   It protects you from fire.
   It insulates you from electricity.
Armour
 m - a +2 plate armour (worn)
 n - a +0 cloak (worn)
 D - a +0 hat (worn)
 E - a +1 pair of gloves (worn)
Jewellery
 p - a +3 ring of intelligence (left hand)
 q - a +3 ring of dexterity (right hand)
 A - a +5 ring of evasion
 B - an uncursed ring of see invisible
 C - a +2 ring of evasion
Wands
 l - a wand of acid (6/15)
Scrolls
 c - 4 scrolls of fog
 i - 2 scrolls of blinking
 k - 5 scrolls of remove curse
 r - a scroll of identify
 s - 2 scrolls of enchant weapon
Potions
 b - 2 potions of cure mutation
 d - 3 potions of curing
 e - a potion of invisibility
 f - 3 potions of haste
 g - 4 potions of magic
 h - a potion of berserk rage
 j - 3 potions of heal wounds
 o - 2 potions of brilliance
Comestibles
 v - 42 fruits
 w - 9 bread rations
 x - 12 meat rations


   Skills:
 + Level 22.0 Fighting
 + Level 24.7 Polearms
 + Level 18.9 Armour
 + Level 14.1 Dodging
 + Level 2.6 Stealth
 + Level 1.5 Evocations


You had 12 spell levels left.
You didn't know any spells.

Dungeon Overview and Level Annotations

Branches:
Dungeon (1/1)

Altars:
Cheibriados
Dithmenos
Elyvilon
Fedhas
Gozag
Kikubaaqudgha
Makhleb
Nemelex Xobeh
Okawaru
Pakellas
Qazlal
Ru
Sif Muna
Trog
Vehumet
Xom
Yredelemnul
Zin
The Shining One
Beogh
Jiyva
Lugonu

Shops:
D :[((


Innate Abilities, Weirdness & Mutations

You reflexively headbutt those who attack you in melee.
You have a pair of horns on your head.


Message History

The ettin closely misses you. You furiously retaliate!
You headbutt the ettin, but do no damage.
The ettin hits you with a dire flail!
* * * LOW HITPOINT WARNING * * *
You are too injured to fight recklessly!
Unknown command.
You are too injured to fight recklessly!
You are too injured to fight recklessly!
Unknown command.
You are too injured to fight recklessly!
You barely miss the ettin.
The ettin is severely wounded.
The ettin closely misses you. The ettin hits you with a dire flail!
* * * LOW HITPOINT WARNING * * *
You hit the ettin but do no damage.
The ettin is severely wounded.
You hit the ettin but do no damage. You headbutt the ettin.
The ettin is almost dead.
The ettin hits you with a dire flail!!
You die...

▓▓▓▓▓▓▓▓▓▓▓▓▓▓▓▓▓▓▓▓▓▓▓▓
[((.((.........(@C{.....
▓▓▓▓▓▓▓▓▓▓▓▓▓▓▓▓▓▓▓▓▓▓▓▓▓▓▓▓▓▓▓▓▓
.....................)..(........
▓▓▓▓▓▓▓▓▓▓▓▓▓▓▓▓▓▓▓▓▓▓▓▓▓▓▓▓▓▓▓▓▓
..))......)))).........††..)...†)
▓▓▓▓▓▓▓▓▓▓▓▓▓▓▓▓▓▓▓▓▓▓▓▓▓▓▓▓▓▓▓▓▓
..........................)†.†)..
▓▓▓▓▓▓▓▓▓▓▓▓▓▓▓▓▓▓▓▓▓▓▓▓▓▓▓▓▓▓▓▓▓
...)))))))).[[[.[[[[.).[.[...))..


You could see an ettin.

Vanquished Creatures
  A thorn hunter (D)
  2 spark wasps (D)
  A great orb of eyes (D)
  A merfolk impaler (D)
  2 entropy weavers (D)
  3 hydras (D)
  An ice dragon (D)
  A ghost crab (D)
  Erica (D)
  A naga warrior (D)
  2 anacondas (D)
  An alligator (D)
  2 shock serpents (D)
  Urug (D)
  An orc high priest (D)
  A wizard (D)
  A giant orange brain (D)
  2 sea snakes (D)
  2 spriggan druids (D)
  A hill giant (D)
  5 orc knights (D)
  An orb spider (D)
  2 wolf spiders (D)
  3 orc sorcerers (D)
  A griffon (D)
  A cyclops (D)
  A manticore (D)
  A siren (D)
  3 black mambas (D)
  A naga mage (D)
  A gargoyle (D)
  2 spiny frogs (D)
  A komodo dragon (D)
  3 yaktaurs (D)
  A jumping spider (D)
  A bog body (D)
  A snapping turtle (D)
  5 blink frogs (D)
  2 redbacks (D)
  A spriggan (shapeshifter) (D)
  2 tarantellas (D)
  A basilisk (D)
  A yak (D)
  A wyvern (D)
  Grum (D)
  Eustachio (D)
  A hungry ghost (D)
  A hippogriff (D)
  2 vampire mosquitoes (D)
  A naga (D)
  A porcupine (D)
  A water moccasin (D)
  A sky beast (D)
  An ice beast (D)
  4 orc warriors (D)
  An ogre (D)
  2 phantoms (D)
  A centaur (D)
  4 wolves (D)
  A crocodile (D)
  5 giant frogs (D)
  A killer bee (D)
  2 orc priests (D)
  5 orc wizards (D)
  An iguana (D)
  A gnoll (D)
  3 river rats (D)
  An adder zombie (D)
  A giant gecko (D)
  13 orcs (D)
  A ball python (D)
  2 goblins (D)
  A hobgoblin (D)
  A bat (D)
132 creatures vanquished.

Vanquished Creatures (collateral kills)
  A shadow dragon (D)
  A frost giant (D)
  A very ugly thing (D)
  2 fire dragons (D)
  An ogre mage (D)
  An entropy weaver (D)
  A rakshasa (D)
  A tengu warrior (D)
  A vampire mage (D)
  An orc knight (D)
  2 manticores (D)
  A griffon (D)
  A yaktaur (D)
  A troll (D)
  3 tengu conjurers (D)
  A wind drake (D)
  A water elemental (D)
  5 orc warriors (D)
  2 orc wizards (D)
28 creatures vanquished.

Vanquished Creatures (others)
  A black mamba (D)
  A giant leech (D)
2 creatures vanquished.

Grand Total: 162 creatures vanquished

Notes
Turn   | Place    | Note
--------------------------------------------------------------
     0 | D        | LittleTurtle the Minotaur Berserker began the quest for the Orb.
     0 | D        | Reached XP level 1. HP: 19/19 MP: 0/0
     5 | D        | Reached skill level 4 in Polearms
     6 | D        | Reached ** piety under Trog
    20 | D        | Noticed a phantom
    20 | D        | Noticed an orc wizard
    20 | D        | Noticed an ice beast
    27 | D        | Killed an orc wizard
    27 | D        | Reached *** piety under Trog
    27 | D        | Reached skill level 5 in Fighting
    27 | D        | Reached skill level 5 in Polearms
    27 | D        | Reached XP level 2. HP: 15/30 MP: 1/1
    27 | D        | Reached XP level 3. HP: 19/37 MP: 2/2
    32 | D        | Reached skill level 6 in Polearms
    49 | D        | Killed an ice beast
    49 | D        | Reached **** piety under Trog
    49 | D        | Reached skill level 7 in Polearms
    49 | D        | Reached XP level 4. HP: 39/48 MP: 3/3
    72 | D        | Killed a phantom
    72 | D        | Reached skill level 9 in Polearms
    72 | D        | Reached skill level 5 in Dodging
    72 | D        | Reached XP level 5. HP: 41/57 MP: 4/4
   160 | D        | Found a glowing silver altar of Zin.
   160 | D        | Found a glowing golden altar of the Shining One.
   160 | D        | Found an ancient bone altar of Kikubaaqudgha.
   160 | D        | Found a basalt altar of Yredelemnul.
   160 | D        | Found a shimmering altar of Xom.
   160 | D        | Found a radiant altar of Vehumet.
   161 | D        | Found an iron altar of Okawaru.
   162 | D        | Found a burning altar of Makhleb.
   163 | D        | Found a deep blue altar of Sif Muna.
   164 | D        | Found a bloodstained altar of Trog.
   165 | D        | Found a sparkling altar of Nemelex Xobeh.
   166 | D        | Found a white marble altar of Elyvilon.
   167 | D        | Found a roughly hewn altar of Beogh.
   168 | D        | Found a viscous altar of Jiyva.
   169 | D        | Found a corrupted altar of Lugonu.
   170 | D        | Found a blossoming altar of Fedhas.
   171 | D        | Found a snail-covered altar of Cheibriados.
   172 | D        | Found a shadowy altar of Dithmenos.
   173 | D        | Found a stormy altar of Qazlal.
   174 | D        | Found an opulent altar of Gozag.
   175 | D        | Found a sacrificial altar of Ru.
   176 | D        | Found an oddly glowing altar of Pakellas.
   222 | D        | Noticed a hungry ghost
   222 | D        | Noticed a centaur
   222 | D        | Noticed a hill giant
   222 | D        | Noticed a phantom
   229 | D        | Killed a hungry ghost
   229 | D        | Reached skill level 10 in Fighting
   229 | D        | Reached skill level 10 in Polearms
   229 | D        | Reached skill level 5 in Armour
   229 | D        | Reached XP level 6. HP: 64/66 MP: 5/5
   232 | D        | Killed a hill giant
   232 | D        | Reached skill level 12 in Polearms
   232 | D        | Reached XP level 7. HP: 76/77 MP: 6/6
   237 | D        | Reached ***** piety under Trog
   249 | D        | Noticed a wyvern
   249 | D        | Noticed a manticore
   249 | D        | Noticed a griffon
   249 | D        | Noticed a cyclops
   249 | D        | Noticed a yak
   250 | D        | Killed a wyvern
   250 | D        | Reached XP level 8. HP: 79/85 MP: 7/7
   253 | D        | Killed a manticore
   253 | D        | Reached skill level 13 in Polearms
   262 | D        | Killed a griffon
   262 | D        | Reached skill level 10 in Dodging
   272 | D        | Killed a cyclops
   272 | D        | Reached skill level 14 in Polearms
   272 | D        | Reached XP level 9. HP: 13/96 MP: 8/8
   715 | D        | Noticed a black mamba
   715 | D        | Noticed a five-headed hydra
   718 | D        | Noticed a komodo dragon
   721 | D        | Received a gift from Trog
   727 | D        | Killed a ten-headed hydra
   727 | D        | Reached skill level 15 in Fighting
   727 | D        | Reached skill level 15 in Polearms
   737 | D        | Killed a black mamba
   737 | D        | Reached skill level 10 in Armour
   740 | D        | Killed a komodo dragon
   740 | D        | Reached XP level 10. HP: 39/107 MP: 9/9
   743 | D        | Reached ****** piety under Trog
   744 | D        | Received a gift from Trog
  1001 | D        | Noticed a black mamba
  1007 | D        | Reached skill level 16 in Polearms
  1017 | D        | Killed a black mamba
  1149 | D        | Noticed a six-headed hydra
  1150 | D        | Received a gift from Trog
  1160 | D        | Killed a 13-headed hydra
  1367 | D        | Reached skill level 17 in Polearms
  1372 | D        | Received a gift from Trog
  1507 | D        | Noticed Erica
  1512 | D        | Killed Erica
  1581 | D        | Noticed an orc knight
  1588 | D        | Received a gift from Trog
  1593 | D        | Killed an orc knight
  1593 | D        | Reached skill level 18 in Polearms
  1593 | D        | Reached XP level 11. HP: 65/117 MP: 10/10
  1600 | D        | Received a gift from Trog
  1860 | D        | Noticed an orc knight
  1866 | D        | Killed an orc knight
  1869 | D        | Noticed an orc knight
  1881 | D        | Killed an orc knight
  1881 | D        | Received a gift from Trog
  1890 | D        | Received a gift from Trog
  2160 | D        | Got a smoking hand crossbow {god gift}
  2161 | D        | Identified the +6 hand crossbow "Dragon's Tongue" {penet, rC+} (Trog gifted it to you in the Dungeon)
  2176 | D        | Noticed an orc knight
  2188 | D        | Killed an orc knight
  2279 | D        | Found Qacudwack's Book Emporium.
  2279 | D        | Noticed an orc high priest
  2279 | D        | Noticed an orc sorcerer
  2283 | D        | Noticed an orc sorcerer
  2283 | D        | Killed an orc high priest
  2286 | D        | Killed an orc sorcerer
  2286 | D        | Reached skill level 19 in Polearms
  2286 | D        | Reached skill level 1 in Stealth
  2288 | D        | Received a gift from Trog
  2291 | D        | Killed an orc sorcerer
  2453 | D        | Found Vafeamos's Armour Shoppe.
  2459 | D        | Found Guemior's Weapon Emporium.
  2462 | D        | Found Edigyet's Antique Weapon Shoppe.
  2466 | D        | Noticed an orc sorcerer
  2470 | D        | Noticed an orc knight
  2476 | D        | Paralysed by an orc sorcerer for 5 turns
  2482 | D        | Killed an orc sorcerer
  2485 | D        | Killed an orc knight
  2485 | D        | Received a gift from Trog
  2490 | D        | Got a scorched glaive {god gift}
  2498 | D        | Identified the +8 glaive "Ahiosuon" {holy, +Blink Str-5 Int+10} (Trog gifted it to you in the Dungeon)
  2742 | D        | Noticed Eustachio
  2748 | D        | Killed Eustachio
  2888 | D        | Noticed a four-headed hydra
  2888 | D        | Noticed an orc knight
  2888 | D        | Noticed a fire dragon
  2894 | D        | Killed a one-headed hydra
  2909 | D        | Killed an orc knight
  2909 | D        | Received a gift from Trog
  2909 | D        | Reached skill level 20 in Polearms
  2917 | D        | Killed a fire dragon
  2935 | D        | Killed a vampire mage
  2939 | D        | Received a gift from Trog
  3283 | D        | Noticed an entropy weaver
  3284 | D        | Noticed a tengu warrior
  3285 | D        | Noticed a fire dragon
  3286 | D        | Noticed a rakshasa
  3304 | D        | Killed an entropy weaver
  3304 | D        | Reached XP level 12. HP: 80/130 MP: 3/11
  3327 | D        | Killed a tengu warrior
  3329 | D        | Killed a fire dragon
  3333 | D        | Killed a rakshasa
  3681 | D        | Received a gift from Trog
  3683 | D        | Noticed Grum
  3694 | D        | Killed Grum
  3801 | D        | Noticed an anaconda
  3802 | D        | Noticed an anaconda
  3804 | D        | Killed an anaconda
  3804 | D        | Reached skill level 21 in Polearms
  3814 | D        | Killed an anaconda
  3814 | D        | Reached skill level 15 in Armour
  3823 | D        | Received a gift from Trog
  4235 | D        | Noticed a naga warrior
  4248 | D        | Killed a naga warrior
  4253 | D        | Noticed a merfolk impaler
  4262 | D        | Received a gift from Trog
  4280 | D        | Killed a merfolk impaler
  4280 | D        | Reached skill level 22 in Polearms
  4634 | D        | Received a gift from Trog
  4649 | D        | Got a fine halberd {god gift}
  4650 | D        | Identified the +13 halberd of Vunieno {holy, +Inv rPois rC+ Stlth+} (Trog gifted it to you in the Dungeon)
  4804 | D        | Noticed a spark wasp
  4810 | D        | Killed a spark wasp
  4810 | D        | Received a gift from Trog
  4810 | D        | Reached XP level 13. HP: 141/141 MP: 12/12
  4816 | D        | Noticed a thorn hunter
  4829 | D        | Killed a thorn hunter
  4829 | D        | Reached skill level 23 in Polearms
  4836 | D        | Received a gift from Trog
  5057 | D        | Received a gift from Trog
  5064 | D        | Got a crude halberd {god gift}
  5065 | D        | Identified the +13 halberd "Ilabb" {chop, rElec rF+} (Trog gifted it to you in the Dungeon)
  5161 | D        | Noticed Urug
  5168 | D        | Killed Urug
  5221 | D        | Noticed a frost giant
  5226 | D        | Noticed a shadow dragon
  5232 | D        | Reached skill level 1 in Evocations
  5262 | D        | Noticed a purple very ugly thing
  5277 | D        | Received a gift from Trog
  5278 | D        | Killed a frost giant
  5287 | D        | Killed a shadow dragon
  5287 | D        | Reached skill level 24 in Polearms
  5293 | D        | Killed a purple very ugly thing
  5295 | D        | Noticed a spark wasp
  5305 | D        | Received a gift from Trog
  5327 | D        | Killed a spark wasp
  5328 | D        | Paralysed by a great orb of eyes for 4 turns
  5700 | D        | Noticed an ettin
  5708 | D        | Received a gift from Trog
  5724 | D        | Slain by an ettin

Vault maps used:
D:        linesprint

Skill      XL: |  1  2  3  4  5  6  7  8  9 10 11 12 13 |
---------------+----------------------------------------+-----
Fighting       | 5 8 9 10 12 14 15 17 19 20 22 | 22.0
Polearms       | 5 7 9 10 12 14 15 18 20 22 24 | 24.7
Armour         | 3 4 5 6 8 10 12 13 17 18 | 18.9
Dodging        | 3 4 5 6 8 9 10 11 12 13 14 | 14.1
Stealth        | 2 |  2.6
Evocations     | 1 |  1.5

Action                   |  1- 3 |  4- 6 |  7- 9 | 10-12 | 13-15 || total
-------------------------+-------+-------+-------+-------+-------++-------
Melee: Spear             |    33 |    15 |       |       |       ||    48
       Headbutt          |     5 |     6 |    14 |    51 |    19 ||    95
       Halberd           |       |    10 |    50 |    40 |    84 ||   184
       Demon trident     |       |       |       |    54 |       ||    54
       Bardiche          |       |       |       |   101 |       ||   101
       Glaive            |       |       |       |   106 |       ||   106
Invok: Brothers in Arms  |       |       |     1 |     7 |     6 ||    14
 Abil: Evoke Blink       |       |       |       |     1 |       ||     1
Evoke: Wand              |       |       |       |       |     1 ||     1
  Use: Potion            |     1 |       |     1 |     3 |     1 ||     6
       Scroll            |       |       |       |     1 |       ||     1
  Eat: Bread ration      |       |       |     1 |     2 |     1 ||     4
       Chunk             |       |       |       |     2 |       ||     2
       Fruit             |       |       |       |     3 |       ||     3
Armor: Animal skin       |     1 |     1 |       |       |       ||     2
       Scale mail        |       |     3 |     8 |    25 |       ||    36
       Plate armour      |       |       |       |    46 |    28 ||    74
Dodge: Dodged            |    17 |     9 |    27 |   105 |    34 ||   192
